 Dungeon Crawl Stone Soup version 0.29.1-2-gbd0b4ee654 (webtiles) character file.

Game seed: 15729858629353522975

1171 zeram the Ducker (level 8, -2/39 HPs)
             Began as a Spriggan Fighter on Nov 2, 2022.
             Killed from afar by a white imp (10 damage)
             ... with a puff of frost
             ... on level 5 of the Dungeon.
             The game lasted 00:16:55 (7866 turns).

zeram the Ducker (Spriggan Fighter)                 Turns: 7866, Time: 00:16:55

Health: -2/39      AC: -2    Str: 18    XL:     8   Next: 18%
Magic:  15/15      EV: 19    Int: 11    God:
Gold:   232        SH:  7    Dex: 15    Spells: 10/16 levels left

rFire   . . .      SeeInvis +   f - +2 dagger (venom)
rCold   . . .      Faith    .   c - +0 buckler
rNeg    + . .      Spirit   .   u - +0 robe {rN+}
rPois   .          Reflect  .   (helmet restricted)
rElec   .          Harm     .   (no cloak)
rCorr   .          Rampage  .   (gloves unavailable)
Will    +....                   (boots unavailable)
Stlth   +.........              (no amulet)
HPRegen 0.13/turn               h - +6 ring of strength
MPRegen 0.14/turn               (no ring)

@: corroded, very quick
A: very small, no large weapons, unfitting armour, see invisible, speed 3
a: no special abilities


You were on level 5 of the Dungeon.
You visited 2 branches of the dungeon, and saw 6 of its levels.
You also visited: Ossuary.

You collected 232 gold pieces.

Inventory:

Hand Weapons
 a - a +0 spear
 f - a +2 dagger of venom (weapon)
 r - a +2 vorpal spear
Armour
 b - a +0 robe
 c - a +0 buckler (worn)
 u - a +0 robe of positive energy (worn)
Jewellery
 h - a +6 ring of strength (left hand)
Wands
 m - a wand of iceblast (4)
 v - a wand of quicksilver (8)
Scrolls
 o - 6 scrolls of teleportation
 q - a scroll of blinking
 s - a scroll of identify
Potions
 d - 2 potions of might
 e - 2 potions of haste
 g - 3 potions of curing
 i - a potion of invisibility
 j - a potion of berserk rage {unknown}
 k - a potion of brilliance
 l - 2 potions of flight
 n - a potion of magic
 p - a potion of degeneration
 t - a potion of mutation {unknown}
 w - a potion of heal wounds


   Skills:
 - Level 2.4 Fighting
 + Level 5.4 Short Blades
 - Level 1.3 Polearms
 + Level 7.2 Dodging
 * Level 4.6 Shields
 * Level 4.5 Spellcasting
 - Level 0.4 Conjurations
 - Level 0.2 Evocations


You had 10 spell levels left.
You knew the following spells:

 Your Spells              Type           Power      Damage    Failure   Level
a - Magic Dart            Conj           12%        1d3       34%         1
b - Searing Ray           Conj           6%         2d4       47%         2
c - Vampiric Draining     Necr           2%         2d6       78%         3

Your spell library contained the following spells:

 Spells                   Type           Power      Damage    Failure   Level
 Slow                     Hex            8%         N/A       41%         1
 Confusing Touch          Hex            2%         N/A       78%         3
 Fulminant Prism          Conj/Hex       1%         3d6       98%         4


Dungeon Overview and Level Annotations

Branches:
Dungeon (5/15)             Temple (1/1) D:4         Ossuary (visited)

Altars:
Elyvilon
Fedhas
Hepliaklqana
Makhleb
Nemelex Xobeh
Trog
Vehumet
Xom
Zin
The Shining One

Shops:
D:5 ?

Annotations:
D:4 Pikel


Innate Abilities, Weirdness & Mutations

You are very small and have problems with some larger weapons.
You are too small for most types of armour.
You have supernaturally acute eyesight. (SInv)
You cover ground extremely quickly. (Speed+++)


Message History

The jelly hits you.
You are splashed with acid!
* * * LOW HITPOINT WARNING * * *
You are too injured to fight recklessly!
You are too injured to fight recklessly!
You are too injured to fight recklessly!
Unknown command.
Aiming: Iceblast
Press: ? - help, Shift-Dir - straight line, f - jelly
Aim: a jelly (lightly wounded)
The mass of ice explodes!
The iceblast engulfs the jelly!
The jelly is moderately wounded.
You hear a shout!
Unknown command.
Aiming: Iceblast
Press: ? - help, Shift-Dir - straight line, f/p - jelly
Aim: a jelly (moderately wounded)
The mass of ice explodes!
The iceblast engulfs the jelly!
The jelly is severely wounded.
You hear a shout!
Aiming: Iceblast
Press: ? - help, Shift-Dir - straight line, f/p - jelly
Aim: a jelly (severely wounded)
The mass of ice explodes!
The iceblast engulfs the jelly!
The jelly is almost dead.
You hit the jelly. The acid corrodes you!
Your hands burn!
* * * LOW HITPOINT WARNING * * *
The jelly is almost dead.
The jelly completely misses you.
Unknown command.
Aiming: Iceblast
Press: ? - help, Shift-Dir - straight line, f/p - jelly
Aim: a jelly (almost dead)
The mass of ice explodes!
The iceblast engulfs the jelly!
You kill the jelly!
Unknown command.
You start resting.
A white imp comes into view.
The white imp gestures at you. The puff of frost hits you!
You die...

.........#....##.....#
.........#...........#
.........#...........#
.........#...........#
.........########.#####
......................#
......................#
......................#
................@.....#
......................#
.)....................#
))........5....##.#####
...............#.....#
.........#######.....#
.........#.......<...#
.........#...........#
.........#....##.....#


You could see a white imp.

Vanquished Creatures
  Sigmund (D:3)
  A water moccasin (D:5)
  A lemure (D:4)
  A phantom (D:5)
  3 elf zombies (Ossuary)
  2 jellies (D:5)
  2 centaur zombies (Ossuary)
  An orc priest (D:4)
  A human zombie (Ossuary)
  Ijyb (D:3)
  2 iguanas
  3 orc wizards (D:4)
  2 mummies (Ossuary)
  Robin (D:2)
  3 gnolls
  4 adders
  A shadow imp (D:5)
  3 worms (D:2)
  3 dart slugs
  11 orcs
  9 bats
  2 endoplasms (D:1)
  2 giant cockroaches
  15 goblins
  7 hobgoblins
  7 jackals
  12 kobolds
  6 quokkas
  3 ball pythons
  2 frilled lizards (D:2)
  A goblin zombie (Ossuary)
  15 hobgoblin zombies (Ossuary)
  8 kobold zombies (Ossuary)
  6 orc zombies (Ossuary)
  4 rats
  A rat zombie (Ossuary)
147 creatures vanquished.

Notes
Turn   | Place    | Note
-------+----------+-------------------------------------------
     0 | D:1      | zeram the Spriggan Fighter began the quest for the Orb.
     0 | D:1      | Reached XP level 1. HP: 11/11 MP: 2/2
   144 | D:1      | Reached XP level 2. HP: 5/16 MP: 3/3
   691 | D:1      | Reached skill level 1 in Spellcasting
  1367 | D:2      | Reached XP level 3. HP: 8/19 MP: 5/5
  1369 | D:2      | Learned a level 1 spell: Magic Dart
  1719 | D:2      | Reached skill level 1 in Short Blades
  2401 | D:2      | Reached XP level 4. HP: 23/23 MP: 7/7
  2642 | D:3      | Reached skill level 5 in Dodging
  2766 | D:3      | Noticed Sigmund
  2784 | D:3      | Killed Sigmund
  2785 | D:3      | Reached XP level 5. HP: 16/27 MP: 7/9
  2977 | D:3      | Noticed Ijyb
  2978 | D:3      | Noticed Robin
  3222 | D:3      | Killed Ijyb
  3224 | D:3      | Reached XP level 6. HP: 31/32 MP: 9/11
  3248 | D:2      | Killed Robin
  3947 | D:3      | Found a hazy altar of Hepliaklqana.
  4709 | D:4      | Reached skill level 6 in Dodging
  4710 | D:4      | Found a staircase to the Ecumenical Temple.
  4720 | Temple   | Entered the Ecumenical Temple
  4856 | D:4      | Found a sand-covered staircase.
  4864 | Ossuary  | Entered an ossuary
  4875 | Ossuary  | Learned a level 2 spell: Searing Ray
  5023 | Ossuary  | Reached XP level 7. HP: 21/35 MP: 11/13
  6038 | D:4      | Found a glowing golden altar of the Shining One.
  6043 | D:4      | Found a sparkling altar of Nemelex Xobeh.
  6266 | D:4      | Noticed Pikel
  6275 | D:5      | Entered Level 5 of the Dungeon
  6275 | D:5      | Found Epoam's Magic Scroll Shoppe.
  6802 | D:5      | Reached skill level 5 in Short Blades
  6802 | D:5      | Reached skill level 7 in Dodging
  6802 | D:5      | Reached XP level 8. HP: 13/39 MP: 15/15
  6806 | D:5      | Learned a level 3 spell: Vampiric Draining
  7866 | D:5      | Killed from afar by a white imp

Illustrated notes

Levels and vault maps discovered:
D:1:      scummos_arrival_star, layout_loops_corners, minmay_pentomino_p4
D:2:      layout_basic
D:3:      layout_loops_cross, nzn_hepliaklqana_mist_gate, uniq_sigmund,
          uniq_ijyb, uniq_robin
D:4:      layout_loops_ring, mainiacjoe_overflow_big_doors,
          minmay_temple_entry_junction, enter_ossuary_2,
          ebering_ghost_reflecting_pool, uniq_duvessa, uniq_pikel
D:5:      layout_gridville, serial_shops, shop_scrolls
Temple:   nicolae_temple_ecumenical_triangle

Skill      XL: |  1  2  3  4  5  6  7 |
---------------+----------------------+-----
Spellcasting   | 1 2 3 4 |  4.5
Short Blades   | 1 2 4 5 |  5.4
Dodging        | 5 6 7 |  7.2
Shields        | 3 4 |  4.6
Fighting       | |  2.4
Polearms       | |  1.3
Conjurations   | |  0.4
Evocations     | |  0.2

Action                   |  1- 3 |  4- 6 |  7- 9 || total
-------------------------+-------+-------+-------++-------
Melee: Spear             |    22 |       |       ||    22
       Dagger            |    82 |   241 |   283 ||   606
 Cast: Magic Dart        |       |     6 |       ||     6
Evoke: Wand              |       |     3 |    15 ||    18
  Use: Scroll            |     3 |     9 |     3 ||    15
       Potion            |       |     3 |     6 ||     9
 Stab: Sleeping          |     4 |     2 |       ||     6
       Invisible         |       |       |     8 ||     8
Armor: Robe              |     7 |    12 |    29 ||    48
Dodge: Dodged            |    50 |   145 |   229 ||   424
Block: Buckler           |    28 |    62 |    98 ||   188
